 Dungeon Crawl Stone Soup version 0.29.1-1-gd02db6906a (webtiles) character file.

Game seed: 1968194001488222754

1 Nonny the Gusty (level 1, -1/10 HPs)
             Began as a Tengu Air Elementalist on Oct 13, 2022.
             Slain by a hobgoblin (2 damage)
             ... on level 1 of the Dungeon.
             The game lasted 00:01:59 (120 turns).

Nonny the Gusty (Tengu Air Elementalist)             Turns: 120, Time: 00:02:00

Health: -1/10      AC:  2    Str:  8    XL:     1   Next: 20%
Magic:  4/4        EV: 12    Int: 15    God:
Gold:   11         SH:  0    Dex: 14    Spells: 3/4 levels left

rFire   . . .      SeeInvis .   c - +0 short sword
rCold   . . .      Faith    .   (no shield)
rNeg    . . .      Spirit   .   a - +0 robe
rPois   .          Reflect  .   (helmet restricted)
rElec   .          Harm     .   (no cloak)
rCorr   .          Rampage  .   (no gloves)
Will    .....                   (boots unavailable)
Stlth   ++........              (no amulet)
HPRegen 0.03/turn               (no ring)
MPRegen 0.09/turn               (no ring)

@: no status effects
A: beak, talons 3
a: no special abilities


You were on level 1 of the Dungeon.
You visited 1 branch of the dungeon, and saw 1 of its levels.

You collected 11 gold pieces.

Inventory:

Hand Weapons
 c - a +0 short sword (weapon)
Armour
 a - a +0 robe (worn)
Scrolls
 d - a scroll of identify {unknown}
 e - a scroll of butterflies {unknown}
Potions
 b - a potion of magic


   Skills:
 + Level 2.2 Dodging
 * Level 2.0 Stealth
 - Level 2.0 Spellcasting
 - Level 1.3 Conjurations
 + Level 4.1 Air Magic


You had 3 spell levels left.
You knew the following spells:

 Your Spells              Type           Power      Damage    Failure   Level
a - Shock                 Conj/Air       36%        1d5       8%          1

Your spell library contained the following spells:

 Spells                   Type           Power      Damage    Failure   Level
 Static Discharge         Conj/Air       9%         3-5/arc   11%         2
 Swiftness                Air            13%        N/A       12%         3
 Airstrike                Air            6%         2d(1-17)  38%         4


Dungeon Overview and Level Annotations

Branches:
Dungeon (1/15)

Altars:


Innate Abilities, Weirdness & Mutations

You have a beak for a mouth.
You have claws for feet.


Message History

Okay, then.
Okay, then.
A kobold comes into view. It is wielding a +0 short sword.
Casting: Shock (safe; 8% risk of failure)
Confirm with . or Enter, or press ? or * to list all spells.
Aiming: Shock (safe; 8% risk of failure)
Press: ? - help, Shift-Dir - straight line The zap hits the kobold.
You kill the kobold!
Found a scroll labelled FIFECL NEVYB.
Things that are here:
a +0 short sword; a kobold corpse
c - a +0 short sword
c - a +0 short sword (weapon)
d - a scroll labelled FIFECL NEVYB
Found 11 gold pieces.
You now have 11 gold pieces.
Found a scroll labelled WAIXUMU LEALL.
e - a scroll labelled WAIXUMU LEALL You open the door.
There is an open door here.
A hobgoblin comes into view.
The hobgoblin shouts!
The hobgoblin hits you but does no damage.
Enter note: Starting vault: eight-pointed star hallways
Enter note: Would be a good vault for Passwall in orbrun.
The hobgoblin attacks as you move away! The hobgoblin closely misses you.
The hobgoblin attacks as you move away! The hobgoblin hits you.
There is an open door here.
The hobgoblin attacks as you move away! The hobgoblin barely misses you.
The hobgoblin attacks as you move away! The hobgoblin hits you.
The hobgoblin attacks as you move away! The hobgoblin closely misses you.
The hobgoblin attacks as you move away! The hobgoblin hits you.
Ouch! That really hurt!
* * * LOW HITPOINT WARNING * * *
The hobgoblin attacks as you move away! The hobgoblin completely misses you.
The hobgoblin attacks as you move away!
The hobgoblin hits you but does no damage.
The hobgoblin attacks as you move away! The hobgoblin hits you.
You die...

##........ #..###.###
#+#######'## #.#
##.........## #..
##...#####...###.##
##.#.#.###.#.#.####
##.##.##.#.##.##.##
##.###g###.###.###.##
##.####@##.#.##†####.##
+.........###.........+
#..####.### ###.####..#
#.#.###.# #.###.#.#
#.##.#.## ##.#.##.#
#.###.## ##.###.#
#.##.#.## ##.#.##.#
#.#.###.# #.###.#.#
#..####.### ###.####..#


You could see a hobgoblin.

Vanquished Creatures
  A kobold (D:1)
1 creature vanquished.

Notes
Turn   | Place    | Note
-------+----------+-------------------------------------------
     0 | D:1      | Nonny the Tengu Air Elementalist began the quest for the
                  | Orb.
     0 | D:1      | Reached XP level 1. HP: 10/10 MP: 4/4
   104 | D:1      | Starting vault: eight-pointed star hallways
   104 | D:1      | Would be a good vault for Passwall in orbrun.
   120 | D:1      | Slain by a hobgoblin

Illustrated notes

.# ... #.. #.# #.#
#.# ##
#####.###....
##.........#
#..###@#####
#+#######'## #g#
##.........## #..
##...#####...###.##
#.#.#.###.#.#.####
.##.##.#.##.##.##
###.###.###.###.##
###.##.#.##†####.##
......###.........+


Turn 104 on D:1: Starting vault: eight-pointed star hallways

Levels and vault maps discovered:
D:1:      roderic_octagonal_star, layout_loops_ring, dk_noncrumbling_4

Action                   || total
-------------------------++-------
 Cast: Shock             ||     1
Armor: Robe              ||     2
Dodge: Dodged            ||     4
